 Dungeon Crawl Stone Soup version 0.21-a0-504-g2eda33064f (webtiles) character file.

269 Kaname the Conjurer (level 6, 41/41 HPs)
             Began as a Demonspawn Wizard on Nov 25, 2017.
             Was an Initiate of Vehumet.
             Quit the game on level 4 of the Dungeon.
             The game lasted 00:10:20 (2852 turns).

Kaname the Conjurer (Demonspawn Wizard)             Turns: 2852, Time: 00:10:20

Health: 41/41      AC:  7    Str:  8    XL:     6   Next: 1%
Magic:  2/10       EV: 11    Int: 21    God:    Vehumet [......]
Gold:   140        SH:  3    Dex: 13    Spells: 2/11 levels left

rFire    . . .     SeeInvis .   s - +2 dagger (pain)
rCold    + . .     Gourm    .   x - +0 buckler
rNeg     . . .     Faith    .   v - +3 leather armour
rPois    .         Spirit   .   b - +0 hat
rElec    .         Reflect  .   (no cloak)
rCorr    .         Harm     .   f - +0 pair of gloves
MR       .....                  (no boots)
Stlth    ++........             (no amulet)
HPRegen  0.13/turn              n - +2 ring of dexterity
MPRegen  0.12/turn              m - ring of protection from cold

@: no status effects
A: talons 1, demonic guardian 1, sanguine armour 1
a: Renounce Religion


You were on level 4 of the Dungeon.
You worshipped Vehumet.
Vehumet was noncommittal.
You were not hungry.

You visited 1 branch of the dungeon, and saw 4 of its levels.

You collected 140 gold pieces.

Inventory:

Hand Weapons
 c - a +0 blowgun
 s - a +2 dagger of pain (weapon)
Missiles
 k - 30 poisoned needles
 r - 3 needles of paralysis
Armour
 b - a +0 hat (worn)
 f - a +0 pair of gloves (worn)
 v - a +3 leather armour (worn)
 x - a +0 buckler (worn)
Jewellery
 m - a ring of protection from cold (right hand)
 n - a +2 ring of dexterity (left hand)
Scrolls
 a - a scroll of fog {unknown}
 e - a scroll of blinking {unknown}
 i - 3 scrolls of immolation
 l - 3 scrolls of magic mapping
 p - 2 scrolls of remove curse
 q - 3 scrolls of teleportation
 t - a scroll of enchant armour
 y - a scroll of identify
Potions
 g - a potion of brilliance {unknown}
 o - 2 potions of lignification {unknown}
 w - a potion of flight {unknown}
Comestibles
 d - 2 bread rations
 h - 2 meat rations
 j - 2 royal jellies
 u - 4 chunks of flesh


   Skills:
 - Level 1.7 Dodging
 - Level 1.7 Stealth
 - Level 3.0 Spellcasting
 - Level 4.0 Conjurations
   Level 1.0 Summonings
 - Level 0.8 Translocations
 + Level 3.0 Fire Magic
 - Level 2.1 Air Magic


You had 2 spell levels left.
You knew the following spells:

 Your Spells              Type           Power        Failure   Level  Hunger
a - Magic Dart            Conj           ###.         6%          1    None
b - Blink                 Tloc           N/A          34%         2    ##.....
c - Mephitic Cloud        Conj/Pois/Air  ##......     38%         3    ###....
d - Conjure Flame         Conj/Fire      ###.....     22%         3    ###....


Dungeon Overview and Level Annotations

Branches:
Dungeon (4/15)
 Temple: D:4-7

Altars:
Trog
Vehumet


Innate Abilities, Weirdness & Mutations

You have sharp toenails.
A weak demonic guardian rushes to your aid.
When seriously injured, your bleeding wounds create armour. (AC +0)


Message History

Casting: Magic Dart
Confirm with . or Enter, or press ? or * to list all spells.
Aiming: Magic Dart
Press: ? - help, Shift-Dir - straight line, f/p - orc wizard
Aim: an orc wizard, wielding a dagger and wearing a robe (severely wounded, fast)
Your demonic guardian avoids your attack.
The magic dart hits the orc wizard.
The orc wizard is almost dead.
The orc wizard hits your white imp with a dagger.
Your white imp hits the orc wizard.
Your white imp freezes the orc wizard.
The orc wizard dies!
Vehumet accepts your kill.
Your Fire Magic skill increases to level 3!
You have reached level 6!
Your experience leads to an increase in your attributes!
Your base attributes are Str 8, Int 20, Dex 11.
Increase (S)trength, (I)ntelligence, or (D)exterity?
You feel clever.
Your demonic ancestry asserts itself...
You feel your blood ready itself to protect you.
Are you sure you want to abandon this character and quit the game? (Confirm with "yes".)

#.##.##..# #.#######
#.##.##..# #........
#.##.#...# #
##.######### #.#....#.##
#. ..#.# # #.........#
#. .... #
#.#....#..###.# ...#
#.##.#......... ..#
#.####....###..###..###.
#..............@......>.
######....######........
#........##5##..#..
#..#.###.##o# .#
#.........#.# .#
##.#........##..#..
#.#...............
#.#...............
#.#..............o


You could see an orc priest and a friendly white imp.

Vanquished Creatures
  An ogre (D:4)
  A howler monkey (D:4)
  A worker ant (D:4)
  2 adders
  2 worms
  3 dart slugs (D:1)
  4 leopard geckos
  5 orcs (D:3)
  11 bats
  5 giant cockroaches
  4 goblins
  A hobgoblin (D:2)
  9 jackals
  3 quokkas
  2 ball pythons
  7 frilled lizards
  10 kobolds
  6 rats
77 creatures vanquished.

Vanquished Creatures (collateral kills)
  An orc wizard (D:4)
1 creature vanquished.

Grand Total: 78 creatures vanquished

Notes
Turn   | Place    | Note
-------+----------+-------------------------------------------
     0 | D:1      | Kaname the Demonspawn Wizard began the quest for the Orb.
     0 | D:1      | Reached XP level 1. HP: 13/13 MP: 4/4
   216 | D:1      | Reached skill level 2 in Conjurations
   323 | D:1      | Gained mutation: You have sharp toenails. [demonic ancestry]
   323 | D:1      | Reached XP level 2. HP: 16/19 MP: 4/6
   327 | D:1      | Learned a level 2 spell: Blink
   543 | D:1      | Reached skill level 3 in Conjurations
   568 | D:1      | Reached XP level 3. HP: 13/24 MP: 3/7
   573 | D:1      | Learned a level 3 spell: Mephitic Cloud
  1202 | D:2      | Found a radiant altar of Vehumet.
  1206 | D:2      | Became a worshipper of Vehumet
  1526 | D:3      | Gained mutation: A weak demonic guardian rushes to your aid. [demonic ancestry]
  1526 | D:3      | Reached XP level 4. HP: 30/30 MP: 6/8
  1531 | D:3      | Learned a level 3 spell: Conjure Flame
  1726 | D:3      | Reached skill level 4 in Conjurations
  1978 | D:3      | Found a bloodstained altar of Trog.
  2097 | D:3      | Reached skill level 1 in Air Magic
  2486 | D:4      | Reached skill level 1 in Fire Magic
  2486 | D:4      | Reached XP level 5. HP: 35/35 MP: 0/9
  2686 | D:4      | Noticed an ogre
  2693 | D:4      | Killed an ogre
  2851 | D:4      | Gained mutation: When seriously injured, your bleeding wounds create armour. (AC +0) [demonic ancestry]
  2851 | D:4      | Reached XP level 6. HP: 41/41 MP: 2/10
  2852 | D:4      | Quit the game

Vault maps used:
D:1:      dpeg_arrival_radiant
D:2:      vehumet_crystals, serial_bayou_crossing
D:3:      bloody_trog, first_bread
D:4:      serial_shops, shop, kennysheep_generic_room_15

Skill      XL: |  1  2  3  4  5 |
---------------+----------------+-----
Conjurations   | 2 3 4 |  4.0
Air Magic      | 2 |  2.1
Fire Magic     | 1 3 |  3.0
Dodging        | |  1.7
Stealth        | |  1.7
Spellcasting   | |  3.0
Summonings     | |  1.0
Translocations | |  0.8

Action                   |  1- 3 |  4- 6 || total
-------------------------+-------+-------++-------
Melee: Unarmed           |     9 |       ||     9
       Mace              |    32 |       ||    32
       Kick              |     7 |     8 ||    15
       Dagger            |     6 |    29 ||    35
       Short sword       |     1 |       ||     1
 Cast: Magic Dart        |    76 |    85 ||   161
  Use: Potion            |     1 |       ||     1
       Scroll            |     1 |     5 ||     6
 Stab: Sleeping          |       |     2 ||     2
  Eat: Chunk             |     2 |     4 ||     6
Armor: Robe              |    24 |     1 ||    25
       Leather armour    |       |     2 ||     2
Dodge: Dodged            |    43 |    19 ||    62

Table legend:
 A = Spawn XP
 B = Non-spawn XP
 C = Spawn XP percentage of total XP
 D = Spawn monster count
 E = Non-spawn monster count
 F = Spawn count percentage of total count
 G = Total turns spent on level
                    A         B        C        D         E        F      G
               +---------+---------+-------+---------+---------+-------+---------
         Total |       0 |     385 |   0.0 |       0 |      78 |   0.0 |  2852
               +---------+---------+-------+---------+---------+-------+---------
           D:1 |       0 |      59 |   0.0 |       0 |      32 |   0.0 |   921
           D:2 |       0 |      36 |   0.0 |       0 |      17 |   0.0 |   628
           D:3 |       0 |      36 |   0.0 |       0 |      16 |   0.0 |   848
           D:4 |       0 |     254 |   0.0 |       0 |      13 |   0.0 |   455
               +---------+---------+-------+---------+---------+-------+---------
